 Dungeon Crawl Stone Soup version 0.23.1 (webtiles) character file.

Game seed: 10538437622622132731

206 pjoxt the Covered (level 5, -3/34 HPs)
             Began as a Gargoyle Fighter on Mar 5, 2019.
             Slain by an iguana (8 damage)
             ... on level 4 of the Dungeon.
             The game lasted 00:04:24 (2069 turns).

pjoxt the Covered (Gargoyle Fighter)                Turns: 2069, Time: 00:04:25

Health: -3/34      AC: 12    Str: 21    XL:     5   Next: 84%
Magic:  5/5        EV:  7    Int:  8    God:
Gold:   165        SH:  9    Dex:  9    Spells: 4/4 levels left

rFire    . . .     SeeInvis .   a - +0 trident
rCold    . . .     Gourm    .   c - +0 shield
rNeg     + . .     Faith    .   b - +0 scale mail
rPois    ∞         Spirit   .   (no helmet)
rElec    +         Reflect  .   (no cloak)
rCorr    .         Harm     .   (no gloves)
MR       .....                  t - +0 pair of boots
Stlth    ..........             (no amulet)
HPRegen  0.11/turn              (no ring)
MPRegen  0.09/turn              (no ring)

@: no status effects
A: negative energy resistance 1, electricity resistance, unbreathing,
petrification resistance, rot immunity, AC +4
a: no special abilities


You were on level 4 of the Dungeon.
You were very hungry.

You visited 2 branches of the dungeon, and saw 6 of its levels.

You collected 165 gold pieces.

Inventory:

Hand Weapons
 a - a +0 trident (weapon)
Armour
 b - a +0 scale mail (worn)
 c - a +0 shield (worn)
 t - a +0 pair of boots (worn)
 v - a +0 plate armour
Wands
 l - a wand of acid (9)
Scrolls
 e - 10 scrolls of identify {unknown}
 g - a scroll of random uselessness {unknown}
 h - a scroll of immolation {unknown}
 i - 2 scrolls of enchant weapon {unknown}
 j - a scroll of noise {unknown}
 p - a scroll of remove curse {unknown}
Potions
 d - a potion of might
 k - 2 potions of degeneration {unknown}
 m - a potion of berserk rage {unknown}
 n - a potion of heal wounds {unknown}
 o - a potion of cancellation {unknown}
 q - 2 potions of haste {unknown}
 r - a potion of ambrosia {unknown}
 s - a potion of resistance {unknown}
 u - a potion of invisibility {unknown}
Comestibles
 f - 7 rations


   Skills:
 + Level 4.4 Fighting
 + Level 3.1 Polearms
 + Level 4.4 Armour
 + Level 4.4 Shields


You had 4 spell levels left.
You didn't know any spells.
Your spell library was empty.

Dungeon Overview and Level Annotations

Branches:
Dungeon (5/15)             Temple (1/1) D:5

Altars:
Dithmenos
Elyvilon
Fedhas
Nemelex Xobeh
Okawaru
Sif Muna
Trog
Wu Jian
Yredelemnul
Zin


Innate Abilities, Weirdness & Mutations

You are resistant to torment.
Your stone body is resilient. (AC +4)
You are immune to poison.
You resist negative energy. (rN+)
You are resistant to electric shocks. (rElec)
You can survive without breathing.
You are immune to petrification.
You are immune to rotting.


Message History

You barely miss the iguana.
The iguana is heavily wounded.
The iguana bites you!
The iguana bites you but does no damage.
You closely miss the iguana.
The iguana is heavily wounded.
You block the iguana's attack.
You hit the iguana.
The iguana is severely wounded.
The iguana closely misses you.
You barely miss the iguana.
The iguana is severely wounded.
The iguana bites you!
* * * LOW HITPOINT WARNING * * *
Evoke which item? (* to show all) (? for menu, Esc to quit)
Aiming: Corrosive Bolt
Press: ? - help, Shift-Dir - straight line, f/p - iguana
Aim: an iguana (severely wounded)
The bolt of acid misses the iguana.
The iguana bites you!
You die...

###.##################
...../..l@............
......########........ .....
#........ .... #####......(.
... #............ .....
#............
#...######............
#...#<#...............
#######...#.#.##............


You could see an iguana.

Vanquished Creatures
  A hound (D:4)
  Terence (D:2)
  2 worker ants
  4 adders
  An ooze (D:1)
  A worm (D:2)
  3 dart slugs
  4 leopard geckos
  An orc (D:3)
  4 giant cockroaches
  4 goblins
  4 hobgoblins
  8 jackals
  3 bats
  3 frilled lizards
  7 kobolds
  5 rats
56 creatures vanquished.

Notes
Turn   | Place    | Note
-------+----------+-------------------------------------------
     0 | D:1      | pjoxt the Gargoyle Fighter began the quest for the Orb.
     0 | D:1      | Reached XP level 1. HP: 14/14 MP: 1/1
   113 | D:1      | Reached XP level 2. HP: 13/19 MP: 2/2
   424 | D:1      | Reached XP level 3. HP: 15/23 MP: 3/3
   910 | D:2      | Reached XP level 4. HP: 18/29 MP: 4/4
  1158 | D:2      | Noticed Terence
  1178 | D:2      | Killed Terence
  1178 | D:2      | Reached XP level 5. HP: 31/33 MP: 5/5
  1731 | D:5      | Entered Level 5 of the Dungeon
  1791 | D:5      | Found a staircase to the Ecumenical Temple.
  1807 | Temple   | Entered the Ecumenical Temple
  2069 | D:4      | Slain by an iguana

Skill      XL: |  1  2  3  4  5 |
---------------+----------------+-----
Polearms       | 2 3 |  3.1
Fighting       | 4 |  4.4
Armour         | 4 |  4.4
Shields        | 4 |  4.4

Action                   |  1- 3 |  4- 6 || total
-------------------------+-------+-------++-------
Melee: Trident           |   140 |   102 ||   242
Evoke: Wand              |       |     1 ||     1
  Eat: Chunk             |       |     3 ||     3
Armor: Scale mail        |    61 |    42 ||   103
Dodge: Dodged            |    43 |    19 ||    62
Block: Shield            |    76 |    39 ||   115
